 Dungeon Crawl Stone Soup version 0.21.0 (webtiles) character file.

50 Hekarica the Ducker (level 3, -6/26 HPs)
             Began as a Merfolk Monk on May 19, 2018.
             Mangled by a worker ant (7 damage)
             ... on level 3 of the Dungeon.
             The game lasted 00:14:00 (1936 turns).

Hekarica the Ducker (Merfolk Monk)                  Turns: 1936, Time: 00:14:03

Health: -6/26      AC:  3    Str: 12    XL:     3   Next: 79%
Magic:  3/3        EV: 15    Int:  9    God:
Gold:   177        SH:  0    Dex: 16    Spells: 2/2 levels left

rFire    + . .     SeeInvis .     - Unarmed
rCold    x . .     Gourm    .   (no shield)
rNeg     . . .     Faith    .   f - +0 leather armour
rPois    .         Spirit   .   (helmet restricted)
rElec    .         Reflect  .   (no cloak)
rCorr    .         Harm     .   (no gloves)
MR       .....                  (no boots)
Stlth    ++........             (no amulet)
HPRegen  0.08/turn              g - ring of fire
MPRegen  0.08/turn              h - ring of flight

@: lethally poisoned (-6 -> -18)
A: change form in water, swift swim, stealthy swim, antennae 1, frail 1
a: Evoke Flight


You were on level 3 of the Dungeon.
You were not hungry.

You visited 1 branch of the dungeon, and saw 3 of its levels.

You collected 177 gold pieces.

Inventory:

Hand Weapons
 a - a +0 falchion
 n - a +0 short sword of speed
Armour
 f - a +0 leather armour (worn)
Jewellery
 g - a ring of fire (left hand)
 h - a ring of flight (right hand)
 j - an uncursed ring of loudness
Scrolls
 e - 3 scrolls of identify
 i - a scroll of remove curse
 l - a scroll of fog {unknown}
 o - a scroll of magic mapping {unknown}
Potions
 b - a potion of curing {unknown}
 m - a potion of might {unknown}
Comestibles
 c - 3 rations


   Skills:
 - Level 3.2 Fighting
 - Level 3.2 Long Blades
 + Level 5.2 Dodging
 - Level 2.1 Stealth
 + Level 2.4 Unarmed Combat


You had 2 spell levels left.
You didn't know any spells.

Dungeon Overview and Level Annotations

Branches:
Dungeon (3/15)

Altars:


Innate Abilities, Weirdness & Mutations

You revert to your normal form in water.
You are very nimble and swift while swimming.
You are very stealthy in the water. (Stealth+)
You have a pair of small antennae on your head.
You are frail. (-10% HP)


Message History

You hit the worker ant but do no damage.
The worker ant is severely wounded.
The worker ant bites you.
You hit the worker ant.
The worker ant is severely wounded.
You feel sick. The worker ant bites you.
You barely miss the worker ant.
The worker ant is severely wounded.
The worker ant misses you.
You closely miss the worker ant.
The worker ant is severely wounded.
You feel sick. The worker ant bites you.
* * * LOW HITPOINT WARNING * * *
You hit the worker ant.
The worker ant is severely wounded.
The worker ant bites you.
* * * LOW HITPOINT WARNING * * *
You are more poisoned.
The worker ant poisons you! The worker ant bites you!
You die...

.... #.# #..## #.#
...# .# #.####..# #
... #.#....(#.# ##..
#)#..†.<#.# .....
#.#.......#
.....h######.#.†.....#
.....ha@.....'.....>.#
..$...######.#....##.#
..... #.#.......# ....
#.#.####### ### #.#.#
#.#.# #.#.# #.#.# #>#


You could see a worker ant and 2 jackals.

Vanquished Creatures
  An ooze (D:1)
  2 dart slugs
  2 leopard geckos (D:2)
  3 giant cockroaches
  4 goblins
  A hobgoblin (D:2)
  6 jackals (D:2)
  4 bats
  3 frilled lizards
  4 kobolds
  8 rats
38 creatures vanquished.

Notes
Turn   | Place    | Note
-------+----------+-------------------------------------------
     0 | D:1      | Hekarica the Merfolk Monk began the quest for the Orb.
     0 | D:1      | Reached XP level 1. HP: 18/18 MP: 1/1
   460 | D:1      | Reached skill level 1 in Unarmed Combat
   460 | D:1      | Reached XP level 2. HP: 18/24 MP: 2/2
   952 | D:2      | Reached XP level 3. HP: 8/29 MP: 3/3
  1487 | D:2      | Reached skill level 5 in Dodging
  1926 | D:3      | HP: 1/29 [worker ant (5)]
  1928 | D:3      | Gained mutation: You are frail. (-10% HP) [potion of mutation]
  1928 | D:3      | Gained mutation: You have a pair of small antennae on your head. [potion of mutation]
  1936 | D:3      | HP: 1/26 [worker ant (6)]
  1936 | D:3      | Mangled by a worker ant

Skill      XL: |  1  2  3 |
---------------+----------+-----
Unarmed Combat | 1 2 |  2.4
Dodging        | 5 |  5.2
Fighting       | |  3.2
Long Blades    | |  3.2
Stealth        | |  2.1

Action                   || total
-------------------------++-------
Melee: Unarmed           ||   211
       Punch             ||     3
  Use: Scroll            ||     3
       Potion            ||     2
 Stab: Sleeping          ||     4
  Eat: Ration            ||     1
Armor: Robe              ||     9
       Leather armour    ||    41
Dodge: Dodged            ||   166
